 Dungeon Crawl Stone Soup version 0.22.1-1-ga44c0e5 (webtiles) character file.

229 dohliylev the Jinx (level 5, -11/35 HPs)
             Began as a Vampire Enchanter on Oct 2, 2018.
             Mangled by an ogre
             ... wielding a +0 giant club
              (22 damage)
             ... on level 2 of the Dungeon.
             The game lasted 00:09:59 (2451 turns).

dohliylev the Jinx (Vampire Enchanter)              Turns: 2451, Time: 00:09:59

Health: -11/35     AC:  2    Str:  7    XL:     5   Next: 71%
Magic:  6/8        EV: 13    Int: 18    God:
Gold:   63         SH:  0    Dex: 15    Spells: 2/8 levels left

rFire    . . .     SeeInvis +   a - +1 dagger
rCold    . . .     Gourm    .   (no shield)
rNeg     + . .     Faith    .   b - +0 robe
rPois    .         Spirit   .   (no helmet)
rElec    .         Reflect  .   (no cloak)
rCorr    .         Harm     .   (no gloves)
MR       .....                  (no boots)
Stlth    +++.......             (no amulet)
HPRegen  0.11/turn              (no ring)
MPRegen  0.11/turn              (no ring)

@: no status effects
A: fangs 3, see invisible, unbreathing
a: Bat Form


You were on level 2 of the Dungeon.
You were not thirsty.

You visited 1 branch of the dungeon, and saw 2 of its levels.

You collected 63 gold pieces.

Inventory:

Hand Weapons
 a - a +1 dagger (weapon)
Armour
 b - a +0 robe (worn)
Scrolls
 f - a scroll of random uselessness {unknown}
 g - 4 scrolls of identify {unknown}
 h - a scroll of fog {unknown}
 i - a scroll of noise {unknown}
Potions
 c - a potion of lignification {unknown}
 d - 5 potions of blood
 e - 2 potions of agility {unknown}
 j - 2 potions of heal wounds {unknown}
 k - a potion of resistance {unknown}
 l - a potion of might {unknown}


   Skills:
 - Level 1.1 Short Blades
 + Level 2.1 Dodging
 - Level 6.7 Stealth
 - Level 2.0 Spellcasting
 - Level 8.1 Hexes


You had 2 spell levels left.
You knew the following spells:

 Your Spells              Type           Power        Failure   Level  Hunger
a - Corona                Hex            ####...      1%          1    #......
b - Ensorcelled Hibernat  Hex/Ice        ###...       4%          2    ###....
c - Confuse               Hex            ####....     1%          3    ###....

Your spell library contained the following spells:

 Spells                   Type           Power        Failure   Level  Hunger
 Tukima's Dance           Hex            ####....     1%          3    ###....
 Dazzling Spray           Conj/Hex       ###...       10%         3    ###....


Dungeon Overview and Level Annotations

Branches:
Dungeon (2/15)

Altars:
Yredelemnul


Innate Abilities, Weirdness & Mutations

You have razor-sharp teeth.
You have supernaturally acute eyesight. (SInv)
You can survive without breathing.


Message History

Aiming: Ensorcelled Hibernation (safe; 4% risk of failure)
Press: ? - help, Shift-Dir - straight line, f/p - ogre
Aim: an ogre, wielding a giant club (chance to defeat MR: 47%)
The ogre looks drowsy...
The helpless ogre fails to defend itself.
You impale the ogre!!
The ogre is severely wounded.
The ogre hits you with a giant club!!
Ouch! That really hurt!
* * * LOW HITPOINT WARNING * * *
Things that are here:
a scythe; a robe
There is an escape hatch in the floor here.
You see here a ration.
You see here 16 stones.
You see here a hunting sling.
You fail to use your ability.
The ogre hits you with a giant club!!
Ouch! That really hurt!
You die...

....O...##.#.###.#
#.......#
##########.#.....#
#.......#
###.####..#
#.......#
#.(..###..#
##......#
#.......#.# ###.##.#
#....##.#.#
#####....#
#....##)#.#
#.......##
#######.#.#
#>#####.#
#.#@#######.##.)..#
#.#O##...##.##.#####
#.#.##<#.##.##.##...
#.#......##.##.##.##
#.#....(..%.#[....#
#.#.###.###########
##.....)....
#........###
##########


You could see an ogre.

Vanquished Creatures
  Sigmund (D:2)
  Terence (D:2)
  2 oozes (D:1)
  4 bats (D:1)
  A giant cockroach (D:1)
  5 hobgoblins (D:1)
  2 jackals (D:1)
  6 frilled lizards
  5 goblins (D:1)
  2 rats (D:1)
29 creatures vanquished.

Notes
Turn   | Place    | Note
-------+----------+-------------------------------------------
     0 | D:1      | dohliylev the Vampire Enchanter began the quest for the
                  | Orb.
     0 | D:1      | Reached XP level 1. HP: 13/13 MP: 3/3
    25 | D:1      | Reached skill level 5 in Stealth
   338 | D:1      | Reached XP level 2. HP: 19/19 MP: 5/5
   345 | D:1      | Learned a level 2 spell: Ensorcelled Hibernation
   736 | D:1      | Reached XP level 3. HP: 24/24 MP: 4/6
   741 | D:1      | Learned a level 3 spell: Confuse
  1345 | D:2      | Found a basalt altar of Yredelemnul.
  1476 | D:2      | Noticed an ogre
  2186 | D:2      | Noticed Terence
  2257 | D:2      | Killed Terence
  2257 | D:2      | Reached skill level 5 in Hexes
  2359 | D:2      | Noticed Sigmund
  2373 | D:2      | Killed Sigmund
  2373 | D:2      | Reached skill level 8 in Hexes
  2373 | D:2      | Reached XP level 4. HP: 27/30 MP: 4/7
  2373 | D:2      | Reached XP level 5. HP: 32/35 MP: 4/8
  2451 | D:2      | Mangled by an ogre

Skill      XL: |  1  2  3 |
---------------+----------+-----
Stealth        | 5 6 |  6.7
Hexes          | 8 |  8.1
Short Blades   | |  1.1
Dodging        | |  2.1
Spellcasting   | |  2.0

Action                   |  1- 3 |  4- 6 || total
-------------------------+-------+-------++-------
Melee: Dagger            |    64 |     1 ||    65
       Bite              |     7 |       ||     7
 Cast: Ensorcelled Hiber |    26 |     3 ||    29
       Confuse           |     3 |       ||     3
 Abil: End Transformatio |     9 |       ||     9
       Bat Form          |     9 |       ||     9
  Use: Potion            |     4 |       ||     4
 Stab: Sleeping          |    24 |     1 ||    25
       Confused          |     1 |       ||     1
  Eat: Corpse            |     1 |       ||     1
Armor: Robe              |     3 |       ||     3
Dodge: Dodged            |    24 |       ||    24
